AoeStats
← So sad

Pilgrims

507530349Analyzed
3v3 RM · 12d ago on Sep 18, 2026· 18m 48s· 6 players
Game mode
Random Map
Map size
Normal (6 player)
Population
200
Speed
Normal
Resources
Standard
Victory
Conquest
Starting age
Dark Age
Ending age
Imperial Age
RankedLock teamsTeams togetherTeam positionsShared explorationLock speedFull tech treeHidden civsTurbo modeCheats
Victory
Defeat
🇧🇾 Teutons · Belarus
1328
+12
🇺🇦 Bulgarians · Ukraine
1326
+12
🇧🇾 Slavs · Belarus
1300
+13
🇦🇹 Vikings · Austria
1259
-13
🇫🇷 Spanish · France
1242
-13
🇵🇪 Turks · Peru
1209
-11
Dr_Oetker02
6:18 Loom
11:49 Feudal Age
Havoc_
4:20 Loom
12:30 Feudal Age
17:59 Castle Age
15:47 Horse Collar
16:18 Double-Bit Axe
noeloeve
5:12 Loom
9:31 Feudal Age
9:36 Feudal Age
10:58 Double-Bit Axe
13:09 Scale Barding Armor
14:52 Bloodlines
16:55 Wheelbarrow
17:31 Town Watch
HURMA
9:09 Loom
11:43 Feudal Age
12:32 Man-at-Arms
13:36 Scale Mail Armor
18:25 Castle Age
17:12 Fishing Lines
So sad
4:28 Loom
13:11 Feudal Age
15:32 Stone Mining
19:50 Castle Age
18:35 Town Watch
18:46 Double-Bit Axe
NiL
6:52 Loom
9:41 Feudal Age
13:02 Scale Mail Armor
16:43 Castle Age
16:24 Forging
16:26 Arson
16:37 Fletching
Connection lost

Rejoining the realm…

Still unreachable

The connection could not be restored.

Session expired

The server has moved on; the page needs a fresh start.